PA
YELLOWKNIFE DRAGONBLOOD @ ATHLETIC CLUB KC U-21
08/22/2025
 
TOP OF THE 1ST
Yellowknife Dragonblood batting - Pitching for Athletic Club KC U-21 : RHP Kas Groen
Pitching: RHP Kas Groen
Batting: SHB Zachary Burriss 0-0: Called Strike
0-1: Foul Ball, location: 2F
0-2: Strikes out looking
Batting: LHB Colin Worthington 0-0: Called Strike
0-1: Foul Ball, location: 2F
0-2: Ball
1-2: SINGLE (Groundball, 4MD)
Batting: LHB John O'Day 0-0: Ball
1-0: Called Strike
1-1: SINGLE (Flyball, 8LS)
Colin Worthington to second
Batting: RHB Sergio Peña 0-0: Ball
1-0: Foul Ball, location: 2F
1-1: Ball
2-1: Ball
3-1: Base on Balls
Colin Worthington to third
John O'Day to second
Batting: RHB Cosmo Castanhedo 0-0: Ground out U3 (Groundball, 34S)
Colin Worthington scores
John O'Day to third
Sergio Peña to second
Batting: SHB Daniel Godart 0-0: Called Strike
0-1: Foul Ball, location: 2F
0-2: Ball
1-2: Strikes out looking
Top of the 1st over - 1 run(s), 2 hit(s), 0 error(s), 2 left on base; Yellowknife 1 - Athletic Club KC 0
BOTTOM OF THE 1ST
Athletic Club KC U-21 batting - Pitching for Yellowknife Dragonblood : RHP Cecil Szatkowski
Pitching: RHP Cecil Szatkowski
Batting: RHB Mauro Valverde 0-0: Ball
1-0: Ball
2-0: Foul Ball, location: 2F
2-1: SINGLE (Groundball, 6MD)
Batting: RHB Pedro Solís 0-0: Hit by Pitch
Mauro Valverde to second
Batting: RHB Jesús Vargas 0-0: Ball
1-0: Swinging Strike
1-1: Called Strike
1-2: Strikes out swinging
Batting: RHB Andrés Medina 0-0: Ball
1-0: DOUBLE (Line Drive, 7LM)
Mauro Valverde scores
Pedro Solís to third
Batting: LHB Héctor Barrios 0-0: Called Strike
0-1: Fly out, F6 (Line Drive, 6)
Lined into DP, 6-4 (Line Drive, 6)
Bottom of the 1st over - 1 run(s), 2 hit(s), 0 error(s), 1 left on base; Yellowknife 1 - Athletic Club KC 1
TOP OF THE 2ND
Yellowknife Dragonblood batting - Pitching for Athletic Club KC U-21 : RHP Kas Groen
Batting: SHB Miguel Herrera 0-0: Foul Ball, location: 2F
0-1: Called Strike
0-2: Ball
1-2: Ball
2-2: Ball
3-2: Strikes out swinging
Batting: RHB Keith Kamen 0-0: Called Strike
0-1: Ball
1-1: Ball
2-1: Ball
3-1: Swinging Strike
3-2: Fly out, F6 (Line Drive, 6)
Batting: LHB Ramón Guzmán 0-0: Ball
1-0: Ball
2-0: Foul Ball, location: 2F
2-1: Foul Ball, location: 2F
2-2: Foul Ball, location: 2F
2-2: SINGLE (Groundball, 2R) (infield hit)
Batting: SHB Zachary Burriss 0-0: Ball
1-0: Ball
2-0: Called Strike
2-1: Called Strike
2-2: Foul Ball, location: 2F
2-2: Ball
3-2: Foul Ball, location: 2F
3-2: Base on Balls
Ramón Guzmán to second
Batting: LHB Colin Worthington 0-0: Swinging Strike
0-1: Ball
1-1: SINGLE (Line Drive, 7S)
Ramón Guzmán to third
Zachary Burriss to second
Runner from 3rd tries for Home, SAFE, no throw
Batting: LHB John O'Day 0-0: Called Strike
0-1: Ball
1-1: Ball
2-1: Foul Ball, location: 2F
2-2: Fly out, F8 (Flyball, 78M)
Top of the 2nd over - 1 run(s), 2 hit(s), 0 error(s), 2 left on base; Yellowknife 2 - Athletic Club KC 1
BOTTOM OF THE 2ND
Athletic Club KC U-21 batting - Pitching for Yellowknife Dragonblood : RHP Cecil Szatkowski
Batting: RHB Devin Ferris 0-0: Called Strike
0-1: Ball
1-1: Ball
2-1: Foul Ball, location: 2F
2-2: SINGLE (Line Drive, 7LS)
Batting: SHB Carlos Salinas 0-0: Ball
1-0: Ball
2-0: Ball
3-0: Base on Balls
Devin Ferris to second
Batting: SHB Gerald Merendino 0-0: Called Strike
0-1: Ball
1-1: Ball
2-1: Ball
3-1: Foul Ball, location: 2F
3-2: Foul Ball, location: 2F
3-2: SINGLE (Groundball, 4D)
Devin Ferris to third
Carlos Salinas to second
Runner from 3rd tries for Home, SAFE, throw made home
Batting: RHB Fernando Rodríguez 0-0: Called Strike
0-1: Fly out, F8 (Flyball, 78M)
Batting: RHB Mauro Valverde 0-0: Foul Ball, location: 2F
0-1: Swinging Strike
0-2: Grounds into double play, 5-4-3 (Groundball, 56)
Bottom of the 2nd over - 1 run(s), 2 hit(s), 0 error(s), 1 left on base; Yellowknife 2 - Athletic Club KC 2
TOP OF THE 3RD
Yellowknife Dragonblood batting - Pitching for Athletic Club KC U-21 : RHP Kas Groen
Batting: RHB Sergio Peña 0-0: Ball
1-0: Foul Ball, location: 2F
1-1: Ball
2-1: SINGLE (Groundball, 4D)
Batting: RHB Cosmo Castanhedo 0-0: Ball
1-0: Ball
2-0: Called Strike
2-1: Called Strike
2-2: Ball
3-2: Foul Ball, location: 2F
3-2: Ground out 5-3 (Groundball, 5S)
Sergio Peña to second
Batting: SHB Daniel Godart 0-0: Called Strike
0-1: Foul Ball, location: 2F
0-2: Ball
1-2: Ball
2-2: Ground out 5-3 (Groundball, 56S)
Sergio Peña to third
Batting: SHB Miguel Herrera 0-0: Ball
1-0: Foul Ball, location: 2F
1-1: Foul Ball, location: 2F
1-2: Fly out, F9 (Flyball, 9S)
Top of the 3rd over - 0 run(s), 1 hit(s), 0 error(s), 1 left on base; Yellowknife 2 - Athletic Club KC 2
BOTTOM OF THE 3RD
Athletic Club KC U-21 batting - Pitching for Yellowknife Dragonblood : RHP Cecil Szatkowski
Batting: RHB Pedro Solís 0-0: Ball
1-0: Ball
2-0: Ball
3-0: Called Strike
3-1: Fly out, F6 (Popup, 6D)
Batting: RHB Jesús Vargas 0-0: Called Strike
0-1: Ground out 5-3 (Groundball, 5L)
Batting: RHB Andrés Medina 0-0: Foul Ball, location: 2F
0-1: Ball
1-1: Ball
2-1: Foul Ball, location: 2F
2-2: Fly out, F9 (Flyball, 89M)
Bottom of the 3rd over - 0 run(s), 0 hit(s), 0 error(s), 0 left on base; Yellowknife 2 - Athletic Club KC 2
TOP OF THE 4TH
Yellowknife Dragonblood batting - Pitching for Athletic Club KC U-21 : RHP Kas Groen
Batting: RHB Keith Kamen 0-0: Called Strike
0-1: Called Strike
0-2: Ball
1-2: Ball
2-2: Strikes out swinging
Batting: LHB Ramón Guzmán 0-0: Ball
1-0: Called Strike
1-1: Ball
2-1: Called Strike
2-2: Strikes out swinging
Batting: SHB Zachary Burriss 0-0: Called Strike
0-1: Ball
1-1: Foul Ball, location: 2F
1-2: Ball
2-2: Strikes out swinging
Top of the 4th over - 0 run(s), 0 hit(s), 0 error(s), 0 left on base; Yellowknife 2 - Athletic Club KC 2
BOTTOM OF THE 4TH
Athletic Club KC U-21 batting - Pitching for Yellowknife Dragonblood : RHP Cecil Szatkowski
Batting: LHB Héctor Barrios 0-0: Called Strike
0-1: Ground out 6-3 (Groundball, 56)
Batting: RHB Devin Ferris 0-0: Ball
1-0: Called Strike
1-1: Ball
2-1: Ball
3-1: Ground out U3 (Groundball, 34S)
Batting: SHB Carlos Salinas 0-0: Ball
1-0: Foul Ball, location: 2F
1-1: SINGLE (Line Drive, 8LS)
Batting: SHB Gerald Merendino 0-0: Ball
1-0: Ball
2-0: Called Strike
2-1: Ground out 4-3 (Groundball, 34D)
Bottom of the 4th over - 0 run(s), 1 hit(s), 0 error(s), 1 left on base; Yellowknife 2 - Athletic Club KC 2
TOP OF THE 5TH
Yellowknife Dragonblood batting - Pitching for Athletic Club KC U-21 : RHP Kas Groen
Pitching: RHP Denny O'Dugan
Batting: LHB Colin Worthington 0-0: Ball
1-0: Foul Ball, location: 2F
1-1: Ball
2-1: Foul Ball, location: 2F
2-2: Foul Ball, location: 2F
2-2: Foul Ball, location: 2F
2-2: Foul Ball, location: 2F
2-2: Ball
3-2: SINGLE (Groundball, 6D)
Batting: LHB John O'Day 0-0: Ball
1-0: Called Strike
1-1: Ball
2-1: Ball
3-1: Base on Balls
Colin Worthington to second
Batting: RHB Sergio Peña 0-0: Called Strike
0-1: Called Strike
0-2: Foul Ball, location: 2F
0-2: Strikes out swinging
Batting: RHB Cosmo Castanhedo 0-0: Ball
1-0: Ball
2-0: Called Strike
2-1: SINGLE (Groundball, 6D)
Colin Worthington to third
John O'Day to second
Runner from 3rd tries for Home, throw and OUT!
John O'Day to third
Cosmo Castanhedo to second
Batting: SHB Daniel Godart 0-0: Ball
1-0: Called Strike
1-1: Foul Ball, location: 2F
1-2: Strikes out swinging
Top of the 5th over - 0 run(s), 2 hit(s), 0 error(s), 2 left on base; Yellowknife 2 - Athletic Club KC 2
BOTTOM OF THE 5TH
Athletic Club KC U-21 batting - Pitching for Yellowknife Dragonblood : RHP Cecil Szatkowski
Batting: RHB Fernando Rodríguez 0-0: SINGLE (Groundball, 56D)
Batting: RHB Mauro Valverde 0-0: Bunted foul
0-1: Bunted foul
0-2: Foul Ball, location: 2F
0-2: Foul Ball, location: 2F
0-2: Foul Ball, location: 2F
0-2: Ball
1-2: Ball
2-2: Foul Ball, location: 2F
2-2: Foul Ball, location: 2F
2-2: SINGLE (Line Drive, 8LS)
Fernando Rodríguez to second
Pitching: RHP Manuel Torres
Batting: RHB Pedro Solís 0-0: Called Strike
0-1: Ball
1-1: Swinging Strike
1-2: Strikes out swinging
Batting: RHB Jesús Vargas 0-0: Foul Ball, location: 2F
0-1: Fly out, F8 (Flyball, 89D)
Runner from 2nd tags up, SAFE at 3rd with throw
Batting: RHB Andrés Medina 0-0: Swinging Strike
0-1: Called Strike
0-2: Strikes out swinging
Bottom of the 5th over - 0 run(s), 2 hit(s), 0 error(s), 2 left on base; Yellowknife 2 - Athletic Club KC 2
TOP OF THE 6TH
Yellowknife Dragonblood batting - Pitching for Athletic Club KC U-21 : RHP Denny O'Dugan
Batting: SHB Miguel Herrera 0-0: Ball
1-0: Foul Ball, location: 2F
1-1: Ball
2-1: Foul Ball, location: 2F
2-2: Ground out 3-1 (Groundball, 34S)
Batting: RHB Keith Kamen 0-0: Ball
1-0: Called Strike
1-1: Ball
2-1: Ball
3-1: Base on Balls
Batting: LHB Ramón Guzmán 0-0: Foul Ball, location: 2F
0-1: DOUBLE (Line Drive, 89D)
Keith Kamen to third
Runner from 3rd tries for Home, SAFE, throw made home
Batting: SHB Zachary Burriss 0-0: Ball
1-0: Called Strike
1-1: SINGLE (Groundball, 6S) (infield hit)
Ramón Guzmán to third
Batting: LHB Colin Worthington 0-0: Ball
1-0: Ball
2-0: Ball
3-0: Base on Balls
Zachary Burriss to second
Batting: LHB John O'Day 0-0: Called Strike
0-1: Swinging Strike
0-2: Ball
1-2: Strikes out swinging
Batting: RHB Sergio Peña 0-0: Foul Ball, location: 2F
0-1: Foul Ball, location: 2F
0-2: Ball
1-2: Foul Ball, location: 2F
1-2: Fielders Choice at 2nd, 5-4 (Groundball, 56)
Top of the 6th over - 1 run(s), 2 hit(s), 0 error(s), 2 left on base; Yellowknife 3 - Athletic Club KC 2
BOTTOM OF THE 6TH
Athletic Club KC U-21 batting - Pitching for Yellowknife Dragonblood : RHP Manuel Torres
Batting: LHB Héctor Barrios 0-0: Ball
1-0: Ball
2-0: Foul Ball, location: 2F
2-1: Foul Ball, location: 2F
2-2: Foul Ball, location: 2F
2-2: Fly out, F7 (Flyball, 7LS)
Batting: RHB Devin Ferris 0-0: Foul Ball, location: 2F
0-1: SINGLE (Groundball, 34D)
Batting: SHB Carlos Salinas 0-0: Ball
1-0: Ball
2-0: Ball
3-0: Called Strike
3-1: Called Strike
3-2: Fielders Choice at 2nd, 6-4 (Groundball, 6M)
Batting: SHB Gerald Merendino 0-0: Ball
1-0: Ball
Carlos Salinas steals 2nd base
2-0: Ball
3-0: Called Strike
3-1: Ground out U3 (Groundball, 3)
Bottom of the 6th over - 0 run(s), 1 hit(s), 0 error(s), 1 left on base; Yellowknife 3 - Athletic Club KC 2
TOP OF THE 7TH
Yellowknife Dragonblood batting - Pitching for Athletic Club KC U-21 : RHP Denny O'Dugan
Batting: RHB Cosmo Castanhedo 0-0: Called Strike
0-1: Swinging Strike
0-2: Strikes out swinging
Batting: SHB Daniel Godart 0-0: SINGLE (Line Drive, 9LS)
Batting: SHB Miguel Herrera 0-0: Swinging Strike
0-1: Ball
1-1: Called Strike
1-2: SINGLE (Flyball, 7S)
Daniel Godart to second
Pinch Hitting: RHB Arturo Sánchez 0-0: SINGLE (Groundball, 34D)
Daniel Godart to third
Miguel Herrera to second
Runner from 3rd tries for Home, SAFE, no throw
Batting: LHB Ramón Guzmán 0-0: Ball
Wild Pitch!
Miguel Herrera to third
Arturo Sánchez to second
1-0: Intentional Walk
Batting: SHB Zachary Burriss 0-0: Ball
1-0: Called Strike
1-1: Swinging Strike
1-2: Ball
2-2: SINGLE (Groundball, 6MD)
Miguel Herrera scores
Arturo Sánchez to third
Ramón Guzmán to second
Runner from 3rd tries for Home, SAFE, no throw
Pitching: RHP Bertram Gilfoyle
Batting: LHB Colin Worthington 0-0: Ball
1-0: Reached on error, E3 (Groundball, 34)
Ramón Guzmán to third
Zachary Burriss to second
Batting: LHB John O'Day 0-0: Ball
1-0: Ball
2-0: Called Strike
2-1: Ball
3-1: Base on Balls
Ramón Guzmán scores
Zachary Burriss to third
Colin Worthington to second
Batting: RHB Sergio Peña 0-0: Ball
1-0: Ball
2-0: Fly out, F8 (Flyball, 8LD)
Runner from 3rd tags up, SCORES, no throw
Batting: RHB Cosmo Castanhedo 0-0: Ball
1-0: Ball
2-0: Foul Ball, location: 2F
2-1: DOUBLE (Flyball, 78M)
Colin Worthington scores
John O'Day to third
Runner from 3rd tries for Home, throw and OUT!
Top of the 7th over - 6 run(s), 5 hit(s), 1 error(s), 1 left on base; Yellowknife 9 - Athletic Club KC 2
BOTTOM OF THE 7TH
Athletic Club KC U-21 batting - Pitching for Yellowknife Dragonblood : RHP Manuel Torres
Now at 1B: Arturo Sánchez
Batting: RHB Fernando Rodríguez 0-0: Ball
1-0: Ball
2-0: Foul Ball, location: 2F
2-1: Ball
3-1: Swinging Strike
3-2: Strikes out swinging
Batting: RHB Mauro Valverde 0-0: Ball
1-0: Ball
2-0: Ground out 5-3 (Groundball, 56)
Batting: RHB Pedro Solís 0-0: Called Strike
0-1: Foul Ball, location: 2F
0-2: Strikes out swinging
Bottom of the 7th over - 0 run(s), 0 hit(s), 0 error(s), 0 left on base; Yellowknife 9 - Athletic Club KC 2
TOP OF THE 8TH
Yellowknife Dragonblood batting - Pitching for Athletic Club KC U-21 : RHP Bertram Gilfoyle
Batting: SHB Daniel Godart 0-0: Ground out 6-3 (Groundball, 6M)
Batting: SHB Miguel Herrera 0-0: Called Strike
0-1: Ball
1-1: Swinging Strike
1-2: Strikes out swinging
Batting: RHB Arturo Sánchez 0-0: Ball
1-0: Ball
2-0: Foul Ball, location: 2F
2-1: Called Strike
2-2: Ball
3-2: Fly out, F7 (Line Drive, 78M)
Top of the 8th over - 0 run(s), 0 hit(s), 0 error(s), 0 left on base; Yellowknife 9 - Athletic Club KC 2
BOTTOM OF THE 8TH
Athletic Club KC U-21 batting - Pitching for Yellowknife Dragonblood : RHP Manuel Torres
Now at SS: Rob Berry
Batting: RHB Jesús Vargas 0-0: Called Strike
0-1: Foul Ball, location: 2F
0-2: Strikes out looking
Batting: RHB Andrés Medina 0-0: Ball
1-0: Ground out 6-3 (Groundball, 6)
Batting: LHB Héctor Barrios 0-0: Called Strike
0-1: Called Strike
0-2: Ball
1-2: Ball
2-2: Foul Ball, location: 2F
2-2: Foul Ball, location: 2F
2-2: SINGLE (Line Drive, 7S)
Batting: RHB Devin Ferris 0-0: Called Strike
0-1: Called Strike
0-2: Reached on error, E5 (Groundball, 56S)
Héctor Barrios to second
Batting: SHB Carlos Salinas 0-0: Called Strike
0-1: Swinging Strike
0-2: Ball
1-2: Strikes out swinging
Bottom of the 8th over - 0 run(s), 1 hit(s), 1 error(s), 2 left on base; Yellowknife 9 - Athletic Club KC 2
TOP OF THE 9TH
Yellowknife Dragonblood batting - Pitching for Athletic Club KC U-21 : RHP Bertram Gilfoyle
Pitching: RHP Rubén Rivera
Batting: LHB Ramón Guzmán 0-0: Ball
1-0: Ball
2-0: Foul Ball, location: 2F
2-1: Foul Ball, location: 2F
2-2: Ground out U3 (Groundball, 34S)
Batting: SHB Zachary Burriss 0-0: Ball
1-0: Ball
2-0: Ball
3-0: Called Strike
3-1: Swinging Strike
3-2: Foul Ball, location: 2F
3-2: Fly out, F5 (Line Drive, 56)
Batting: LHB Colin Worthington 0-0: Called Strike
0-1: Foul Ball, location: 2F
0-2: Ball
1-2: Ball
2-2: Ground out 5-3 (Groundball, 56)
Top of the 9th over - 0 run(s), 0 hit(s), 0 error(s), 0 left on base; Yellowknife 9 - Athletic Club KC 2
BOTTOM OF THE 9TH
Athletic Club KC U-21 batting - Pitching for Yellowknife Dragonblood : RHP Manuel Torres
Pitching: RHP Justin Connolly
Now at 2B: Tynan McFetridge
Batting: SHB Gerald Merendino 0-0: Called Strike
0-1: Called Strike
0-2: Foul Ball, location: 2F
0-2: Foul Ball, location: 2F
0-2: Strikes out swinging
Batting: RHB Fernando Rodríguez 0-0: Called Strike
0-1: Ball
1-1: Foul Ball, location: 2F
1-2: Strikes out swinging
Batting: RHB Mauro Valverde 0-0: Ball
1-0: Called Strike
1-1: Ball
2-1: SINGLE (Groundball, 6MD)
Batting: RHB Pedro Solís 0-0: Called Strike
0-1: SINGLE (Flyball, 78S)
Mauro Valverde to second
Runner from 2nd tries for 3rd, SAFE, throw made to third
Batting: RHB Jesús Vargas 0-0: Foul Ball, location: 2F
0-1: Ball
1-1: Called Strike
1-2: Fielders Choice at 2nd, 6-4 (Groundball, 6)
Bottom of the 9th over - 0 run(s), 2 hit(s), 0 error(s), 1 left on base; Yellowknife 9 - Athletic Club KC 2
Friday, December 30th, 2016 - OOTP Baseball 17.12 Build 75